 Dungeon Crawl Stone Soup version 0.21-a0-150-gc243083 (webtiles) character file.

177 Dustbunny the Sneak (level 5, -4/25 HPs)
             Began as a Spriggan Enchanter on July 28, 2017.
             Killed by divine providence
             ... invoked by an orc priest
              (15 damage)
             ... on level 3 of the Dungeon.
             The game lasted 00:08:25 (4004 turns).

Dustbunny the Sneak (Spriggan Enchanter)            Turns: 4004, Time: 00:08:26

Health: -4/25      AC:  3    Str:  4    XL:     5   Next: 30%
Magic:  12/20      EV: 19    Int: 17    God:
Gold:   110        SH:  0    Dex: 17    Spells: 8/11 levels left

rFire    . . .     SeeInvis +   q - +2 dagger (holy)
rCold    . . .     Gourm    .   (shield restricted)
rNeg     . . .     Faith    .   b - +0 robe
rPois    .         Spirit   .   (helmet restricted)
rElec    .         Reflect  .   e - +0 cloak
rCorr    .         Harm     .   (gloves unavailable)
MR       .....                  (boots unavailable)
Stlth    +++.......             (no amulet)
HPRegen  0.08/turn              h - ring of magical power
MPRegen  0.17/turn              (no ring)

@: very quick
A: unfitting armour, see invisible, herbivore 3, speed 3, slow metabolism 2
a: no special abilities


You were on level 3 of the Dungeon.
You were not hungry.

You visited 1 branch of the dungeon, and saw 4 of its levels.

You collected 110 gold pieces.

Inventory:

Hand Weapons
 a - a +1 dagger
 q - a +2 dagger of holy wrath (weapon)
Missiles
 o - 77 poisoned needles
Armour
 b - a +0 robe (worn)
 e - a +0 cloak (worn)
Jewellery
 h - a ring of magical power (left hand)
Scrolls
 i - 2 scrolls of teleportation
Potions
 m - a potion of heal wounds
 p - a potion of degeneration {unknown}
 r - a potion of agility {unknown}
Books
 c - a book of Maledictions

   Spells                             Type                      Level
   a - Corona                         Hexes                        1
   b - Ensorcelled Hibernation        Hexes/Ice                    2
   c - Confuse                        Hexes                        3
   d - Tukima's Dance                 Hexes                        3
   e - Dazzling Spray                 Conjuration/Hexes            3
Comestibles
 d - 3 bread rations
 f - 2 royal jellies
 g - 4 fruits


   Skills:
 + Level 0.8 Fighting
 + Level 1.7 Short Blades
 + Level 3.7 Dodging
 + Level 6.4 Stealth
 + Level 3.5 Spellcasting
 + Level 4.4 Hexes
 + Level 1.2 Ice Magic


You had 8 spell levels left.
You knew the following spells:

 Your Spells              Type           Power        Failure   Level  Hunger
a - Corona                Hex            ###....      2%          1    None
b - Ensorcelled Hibernat  Hex/Ice        ##....       8%          2    ##.....


Dungeon Overview and Level Annotations

Branches:
Dungeon (4/15)
 Temple: D:4-7

Altars:


Innate Abilities, Weirdness & Mutations

You are very small and have problems with some larger weapons.
You are too small for most types of armour.
You have supernaturally acute eyesight. (SInv)
You are a herbivore.
You cover ground extremely quickly.
You need consume almost no food.


Message History

The orc priest resists with some effort.
The orc priest calls down the wrath of Beogh upon you.
Pain shoots through your body!
Casting: Ensorcelled Hibernation
Confirm with . or Enter, or press ? or * to list all spells.
Aiming: Ensorcelled Hibernation
Press: ? - help, Shift-Dir - straight line, f/p - orc priest
Aim: an orc priest (moderately wounded, chance to defeat MR: 43%)
The orc priest resists with some effort.
The orc priest hits you.
Casting: Ensorcelled Hibernation
Confirm with . or Enter, or press ? or * to list all spells.
Aiming: Ensorcelled Hibernation
Press: ? - help, Shift-Dir - straight line, f/p - orc priest
Aim: an orc priest (moderately wounded, chance to defeat MR: 43%)
The orc priest resists with some effort.
The orc priest mumbles some strange prayers to Beogh against you.
Beogh smites you!
Ouch! That really hurt!
You die...

...##.# #.# #...###
#####.# #.# #......
#.################.#
#......
#<.................#
#...###
#####..##########..#
##.## # #..#
#..####...### #..#
#............
#..##########..####)..###
#..#...[@.......##...##
#..#.###o####.#.##.###
#.<#.# #.# #....#)#
#.)#.###.####......###
#.........##.........#
##....##..###).....#.#
#..........)....#.#.#
##...##...........#.#
##.#.....####.#..#.#


You could see an orc priest.

Vanquished Creatures
  An orc priest (D:3)
  An orc wizard (D:3)
  5 adders
  An ooze (D:3)
  A worm (D:3)
  2 dart slugs
  2 leopard geckos
  4 orcs (D:3)
  3 giant cockroaches
  3 goblins
  9 hobgoblins
  4 jackals (D:2)
  2 quokkas (D:3)
  8 bats
  4 kobolds
  11 rats
61 creatures vanquished.

Notes
Turn   | Place    | Note
-------+----------+-------------------------------------------
     0 | D:1      | Dustbunny the Spriggan Enchanter began the quest for the Orb.
     0 | D:1      | Reached XP level 1. HP: 9/9 MP: 5/5
   522 | D:1      | Reached XP level 2. HP: 8/13 MP: 6/6
   649 | D:1      | Learned a level 2 spell: Ensorcelled Hibernation
  1455 | D:2      | Reached skill level 5 in Stealth
  1947 | D:2      | Reached XP level 3. HP: 16/16 MP: 8/8
  2887 | D:3      | Reached XP level 4. HP: 21/21 MP: 8/9
  3181 | D:3      | Reached skill level 1 in Ice Magic
  3393 | D:3      | Reached skill level 6 in Stealth
  3393 | D:3      | Reached XP level 5. HP: 17/25 MP: 11/11
  4004 | D:3      | Killed from afar by an orc priest

Vault maps used:
D:1:      onia_arrival_larder, hangedman_decor_diamond_cutter
D:2:      corexii_shack
D:4:      makhleb_grotto_becter, first_bread, nicolae_zen_rock_garden

Skill      XL: |  1  2  3  4 |
---------------+-------------+-----
Hexes          | 4 |  4.4
Stealth        | 5 6 |  6.4
Spellcasting   | 3 |  3.5
Ice Magic      | 1 |  1.2
Fighting       | |  0.8
Short Blades   | |  1.7
Dodging        | |  3.7

Action                   |  1- 3 |  4- 6 || total
-------------------------+-------+-------++-------
Melee: Dagger            |   126 |    40 ||   166
 Cast: Ensorcelled Hiber |    29 |    13 ||    42
  Use: Potion            |       |     2 ||     2
       Scroll            |       |     7 ||     7
 Stab: Sleeping          |    24 |    17 ||    41
       Distracted        |       |     1 ||     1
  Eat: Royal jelly       |       |     3 ||     3
Armor: Robe              |    21 |     4 ||    25
       Skin              |       |     1 ||     1
Dodge: Dodged            |   130 |    22 ||   152
